 Dungeon Crawl Stone Soup version 0.27.0-66-gdc8fb28755 (webtiles) character file.

Game seed: 12603836031166188496

205 hilljack the Ducker (level 5, -1/46 HPs)
             Began as a Minotaur Necromancer on Aug 18, 2021.
             Was a Follower of Ashenzari.
             Slain by Edmund (8 damage)
             ... on level 3 of the Dungeon on Aug 19, 2021.
             The game lasted 00:09:23 (4645 turns).

hilljack the Ducker (Minotaur Necromancer)          Turns: 4645, Time: 00:09:23

Health: -1/46      AC:  8    Str: 12    XL:     5   Next: 52%
Magic:  7/7        EV: 10    Int: 13    God:    Ashenzari [*.....]
Gold:   201        SH:  0    Dex: 11    Spells: 6/8 levels left

rFire    . . .     SeeInvis .   h - +0 spear
rCold    . . .     Faith    .   (no shield)
rNeg     . . .     Spirit   .   d - +0 scale mail of the Omniscient Failure {Elem, Self} (curse)
rPois    .         Reflect  .   (helmet restricted)
rElec    .         Harm     .   (no cloak)
rCorr    .         Rampage  .   i - +0 pair of gloves "Anxiety of Ashenzari" {Elem, Cun} (curse)
Will     .....                  (no boots)
Stlth    +.........             (no amulet)
HPRegen  0.15/turn              (no ring)
MPRegen  0.10/turn              (no ring)

@: no status effects
A: horns 2, retaliatory headbutt
a: Renounce Religion, Curse Item, Shatter the Chains


You were on level 3 of the Dungeon.
You worshipped Ashenzari.
Ashenzari was aware of your devotion.
You visited 2 branches of the dungeon, and saw 5 of its levels.

You collected 201 gold pieces.

Inventory:

Hand Weapons
 h - a +0 spear (weapon)
Missiles
 g - 40 poisoned darts (quivered)
Armour
 d - the cursed +0 scale mail of the Omniscient Failure (worn) {Elem, Self}
   (You found it on level 1 of the Dungeon)

   It has a curse which improves the following skills: Elements: Fire Magic, Ice
   Magic, Air Magic and Earth Magic.
   Introspection: Fighting and Spellcasting.
 i - the cursed +0 pair of gloves "Anxiety of Ashenzari" (worn) {Elem, Cun}
   (You found it on level 2 of the Dungeon)

   It has a curse which improves the following skills: Elements: Fire Magic, Ice
   Magic, Air Magic and Earth Magic.
   Cunning:   Dodging and Stealth.
Jewellery
 c - a +4 ring of protection
Scrolls
 e - 3 scrolls of amnesia
 f - 3 scrolls of teleportation
 j - a scroll of fog
 k - a scroll of enchant armour
 l - a scroll of brand weapon
Potions
 a - a potion of curing
 b - a potion of attraction
 m - a potion of invisibility


   Skills:
 + Level 3.1(4.1) Fighting
 + Level 2.5 Polearms
 + Level 3.2 Armour
 + Level 3.7(4.6) Dodging
 - Level 1.5(2.3) Stealth
 - Level 1.3(2.1) Spellcasting
 - Level 2.9 Necromancy


You had 6 spell levels left.
You knew the following spells:

 Your Spells              Type           Power      Damage    Failure   Level
a - Pain                  Necr           36%        1d5       34%         1
b - Animate Skeleton      Necr           18%        N/A       34%         1

Your spell library contained the following spells:

 Spells                   Type           Power      Damage    Failure   Level
 Corpse Rot               Necr/Air       N/A        N/A       67%         2
 Vampiric Draining        Necr           4%         2d6       71%         3
 Foxfire                  Conj/Fire      4%         2x1d4     75%         1
 Freeze                   Ice            4%         1d3       75%         1
 Conjure Flame            Conj/Fire      1%         6-21      98%         3
 Frozen Ramparts          Ice            2%         1d2       98%         3
 Inner Flame              Hex/Fire       1%         N/A       98%         3
 Animate Dead             Necr           4%         N/A       98%         4
 Dispel Undead            Necr           9%         3d8       98%         4
 Hailstorm                Conj/Ice       1%         3d3       100%        4
 Agony                    Necr           9%         N/A       100%        5
 Death Channel            Necr           4%         N/A       100%        6


Dungeon Overview and Level Annotations

Branches:
Dungeon (4/15)             Temple (1/1) D:4

Altars:
Ashenzari
Kikubaaqudgha
Qazlal
Xom
Zin

Annotations:
D:3 Edmund; Grinder
D:4 1 runed translucent door, Menkaure; thirtiethelement's ghost, amateur DsAK


Innate Abilities, Weirdness & Mutations

You have a pair of horns on your head.
You reflexively headbutt those who attack you in melee.


Message History

Edmund hits you with a +1 flail of protection.
Your kobold hits Edmund but does no damage.
You hit Edmund. Your headbutt misses Edmund.
Edmund is moderately wounded.
Your giant cockroach closely misses Edmund.
Edmund hits you with a +1 flail of protection.
* * * LOW HITPOINT WARNING * * *
Your kobold hits Edmund but does no damage.
Your giant cockroach misses Edmund.
You hit Edmund but do no damage.
Edmund is moderately wounded.
Edmund hits you with a +1 flail of protection.
* * * LOW HITPOINT WARNING * * *
Your giant cockroach barely misses Edmund.
Your kobold hits Edmund but does no damage.
You hit Edmund but do no damage. Your headbutt misses Edmund.
Edmund is moderately wounded.
Your giant cockroach closely misses Edmund.
Edmund barely misses you.
Your kobold misses Edmund. You closely miss Edmund.
Edmund is moderately wounded.
Your giant cockroach bites Edmund but does no damage.
Edmund hits you but does no damage.
Your kobold hits Edmund but does no damage.
You hit Edmund.
Edmund is moderately wounded.
Your giant cockroach closely misses Edmund.
Your giant cockroach suddenly stops moving!
Edmund hits you with a +1 flail of protection.
* * * LOW HITPOINT WARNING * * *
Your kobold hits Edmund with a +0 dagger.
You hit Edmund. Your headbutt misses Edmund.
Edmund is moderately wounded.
Edmund gestures with his flail.
Edmund closely misses you.
Your kobold hits Edmund with a +0 dagger.
You hit Edmund.
Edmund is heavily wounded.
Edmund hits you with a +1 flail of protection!
You die...

#################### ####
................)..## ##...
##################..# ##..## ##.#
#..##. #.# #.##.. #.# #.#..# #.##
#.#..# ###################..#
#.#... ................@.##.#
#.#)†#
################.@##.#######.##..
#KB............##.
#################..#.############
...................#.(#....[# #
##################....#.###.#####
..# #.....#....#.#........ #.#
#.###.#..5.#.#.#...... #.#
#.###.#.#..#<#.#######


You could see Edmund (ally target), Grinder, a friendly giant cockroach
(summoned, paralysed) and a friendly kobold (summoned).

Vanquished Creatures
  A hound (Temple)
  An iguana (D:4)
  7 adders
  3 worms
  2 dart slugs (D:2)
  4 orcs
  6 bats
  4 endoplasms
  3 giant cockroaches
  7 goblins
  7 hobgoblins
  4 jackals (D:4)
  3 quokkas
  7 ball pythons
  A ball python zombie (D:1)
  2 frilled lizards (D:1)
  A giant cockroach zombie (D:1)
  2 kobolds (D:1)
  6 rats
71 creatures vanquished.

Notes
Turn   | Place    | Note
-------+----------+-------------------------------------------
     0 | D:1      | hilljack the Minotaur Necromancer began the quest for the
                  | Orb.
     0 | D:1      | Reached XP level 1. HP: 14/14 MP: 1/1
   389 | D:1      | Reached skill level 1 in Fighting
   433 | D:1      | Reached skill level 1 in Armour
   433 | D:1      | Reached XP level 2. HP: 21/23 MP: 3/3
   737 | D:1      | Learned a level 1 spell: Animate Skeleton
  1032 | D:1      | Found a faded altar of an unknown god.
  1044 | D:1      | Became a worshipper of Ashenzari the Shackled
  1617 | D:2      | Reached XP level 3. HP: 13/29 MP: 4/4
  2261 | D:2      | Upgraded the game from 0.27.0-65-ge2af304b15 to
                  | 0.27.0-66-gdc8fb28755
  2289 | D:2      | Reached skill level 1 in Polearms
  2313 | D:2      | Found a stormy altar of Qazlal.
  2529 | D:3      | Reached XP level 4. HP: 37/37 MP: 5/5
  2593 | D:3      | Reached * piety under Ashenzari
  2827 | D:3      | Noticed Grinder
  2828 | D:3      | Paralysed by Grinder for 2 turns
  2834 | D:3      | Paralysed by Grinder for 5 turns
  2843 | D:3      | Paralysed by Grinder for 3 turns
  3831 | D:4      | Noticed Menkaure
  3831 | D:4      | Noticed an ogre
  3907 | D:4      | Found a staircase to the Ecumenical Temple.
  3998 | D:4      | Found a runed translucent door.
  4001 | Temple   | Entered the Ecumenical Temple
  4007 | Temple   | Reached XP level 5. HP: 38/46 MP: 7/7
  4300 | D:4      | Found an ancient bone altar of Kikubaaqudgha.
  4302 | D:4      | Found a shadowy altar of Dithmenos.
  4302 | D:4      | Found a shimmering altar of Xom.
  4304 | D:4      | Found a glowing silver altar of Zin.
  4304 | D:4      | Found a glowing silver altar of Zin.
  4304 | D:4      | Found an ancient bone altar of Kikubaaqudgha.
  4555 | D:4      | Noticed thirtiethelement's ghost (amateur DsAK)
  4608 | D:4      | Noticed Edmund
  4645 | D:3      | Slain by Edmund

Illustrated notes

Levels and vault maps discovered:
D:1:      saegor_arrival_fortress, layout_loops_ring, basic_ecumenical_altar,
          minmay_split_cup_large
D:2:      layout_rooms, basic_altar, minmay_octomino_j4
D:3:      layout_basic, kennysheep_generic_room_3, uniq_grinder
D:4:      layout_cave_pods, grunt_temple_overflow_opulence, doesnt_xom_only_xom,
          minmay_temple_entry_grid, ebering_ghost_sewer_f, serial_glass,
          glass_columns_a, glass_columns_b, glass_columns_b, glass_columns_c,
          grunt_decor_fettered, uniq_menkaure, uniq_edmund
Temple:   zaba_magenta_temple

Skill      XL: |  1  2  3  4  5 |
---------------+----------------+-----
Fighting       | 1 2 3 |  3.1
Armour         | 1 2 3 |  3.2
Dodging        | 3 |  3.7
Polearms       | 1 2 |  2.5
Stealth        | |  1.5
Spellcasting   | |  1.3
Necromancy     | |  2.9

Action                   |  1- 3 |  4- 6 || total
-------------------------+-------+-------++-------
Melee: Unarmed           |    83 |       ||    83
       Headbutt          |    18 |    20 ||    38
       Spear             |    79 |   150 ||   229
Throw: Dart              |    10 |     5 ||    15
Invok: Curse Item        |     1 |     1 ||     2
  Use: Scroll            |     3 |     1 ||     4
       Potion            |       |     2 ||     2
Armor: Scale mail        |    69 |    57 ||   126
       Robe              |     2 |       ||     2
Dodge: Dodged            |    77 |    75 ||   152
